 Dungeon Crawl Stone Soup version 0.16-a0-890-g98fc465 (webtiles) character file.

305 RobertPalmer the Chopper (level 6, -4/42 HPs)
             Began as an Octopode Wanderer on Sept 29, 2014.
             Shot with an arrow of flame by a centaur (10 damage)
             ... on Level 5 of the Dungeon.
             The game lasted 00:11:58 (4178 turns).

RobertPalmer the Chopper (Octopode Wanderer)        Turns: 4178, Time: 00:11:59

HP  -4/42        AC  1     Str 12      XL: 6   Next: 39%
MP   6/6         EV 11     Int 15      God:
Gold 151         SH  0     Dex 12      Spells:  0 memorised,  5 levels left

rFire  . . .     SeeInvis .     a - +1 hand axe (flame)
rCold  . . .     Rnd*Rage +     (no shield)
rNeg   . . .     rCorr    +     (helmet restricted)
rPois  .         rRot     .     o - amulet of resist corrosion
rElec  .         Spirit   .     (no ring)
SustAb .         Warding  .     (no ring)
rMut   .         Stasis   .     (no ring)
Gourm  .                        (no ring)
MR     .....                    (no ring)
                                (no ring)
                                (no ring)
                                (no ring)

@: short of breath, hasted, very quick, not resistant to hostile enchantments,
unstealthy
A: almost no armour, amphibious, 8 rings, constrict 8, antennae 1, camouflage 1,
berserk 1, sense surroundings 2, spit poison 1, wild magic 1, gelatinous body 1
a: Spit Poison


You were on level 5 of the Dungeon.
You were not hungry.

You visited 1 branch of the dungeon, and saw 5 of its levels.

You collected 151 gold pieces.


Innate Abilities, Weirdness & Mutations

You cannot wear most types of armour.
You are amphibious.
You can wear up to eight rings at the same time.
You can use your tentacles to constrict many enemies at once.
Your skin changes colour to match your surroundings (Stealth).
Your rubbery body absorbs attacks (AC +1).
You have a pair of small antennae on your head.
You tend to lose your temper in combat.
You passively map the area around you.
You can spit poison.
Your spells are a little harder to cast, but a little more powerful.


   Skills:
 - Level 3.0 Fighting
 + Level 7.5 Axes
   Level 1.0 Crossbows
 - Level 1.0 Throwing
   Level 1.0 Shields


You had 5 spell levels left.
You didn't know any spells.

Inventory:

Hand weapons
 a - a +1 hand axe of flaming (weapon)
Magical devices
 n - a wand of frost (11)
Comestibles
 d - 3 bread rations
 j - a slice of pizza
 k - 2 beef jerkies
Scrolls
 h - a scroll of noise {unknown}
 i - 3 scrolls of identify
 l - 2 scrolls of teleportation {unknown}
Jewellery
 o - an amulet of resist corrosion (around mantle)
Potions
 b - a potion of might
 c - 3 potions of curing
 e - a potion of heal wounds {unknown}
 g - a potion of restore abilities {unknown}
 m - a potion of flight {unknown}

Dungeon Overview and Level Annotations

Branches:
Dungeon (5/15)
 Temple: D:4-7

Altars:
Cheibriados
Gozag
Vehumet

Annotations:
D:4 Execuda's ghost, average DEWz

#.# #.# * ###.######### *
* * ............. ,, , ,
###.#########* ####### * ,
,
..#.############.....###**
, ,
........................ *
#########.....((.........
#.######@....###* * * #.#
#....c..# , #######.###
#.......# , #.........#
###.....# **##+*
###.........# .....#
#.......
............######.....
#.."...#
.................# ...
#......#
............####.# ..
#......# ...####...### #.#
, #......#


You could see a centaur.


Message History

The centaur shoots an arrow of flame.
The arrow of flame hits you. The arrow of flame burns you.
The bat closely misses you.
You hit the bat. You burn the bat.
You kill the bat!
The centaur shoots an arrow of flame.
The arrow of flame hits you but does no damage.
The arrow of flame burns you.
The centaur shoots an arrow of flame.
The arrow of flame hits you. The arrow of flame burns you.
The centaur shoots an arrow of flame.
The arrow of flame hits you! The arrow of flame burns you.
* * * LOW HITPOINT WARNING * * *
Things that are here:
an arrow of flame; a bat corpse Use which ability? (? or * to list)
Aim: a centaur, wielding a shortbow You fail to use your ability.
The centaur shoots an arrow of flame.
The arrow of flame hits you!
* * * LOW HITPOINT WARNING * * *
The arrow of flame burns you.
* * * LOW HITPOINT WARNING * * *
Use which ability? (? or * to list)
Aim: a centaur, wielding a shortbow The splash of poison hits the centaur.
The centaur is poisoned.
The centaur is moderately wounded.
You feel slightly more hungry.
The centaur shoots an arrow of flame.
The arrow of flame misses you.
Drink which item? (? for menu, Esc to quit)
You feel yourself speed up.
It was a potion of haste.
The centaur shoots an arrow of flame.
The arrow of flame hits you!
You die...

Action                   |  1- 3 |  4- 6 || total
-------------------------+-------+-------++-------
Melee: Hand axe          |    64 |   116 ||   180
 Abil: Spit Poison       |     8 |    51 ||    59
  Use: Potion            |     6 |     1 ||     7
       Scroll            |     1 |     2 ||     3
 Stab: Sleeping          |     6 |     3 ||     9
  Eat: Chunk             |     2 |    12 ||    14

Vault maps used:
D:1:      nagdon_arrival_double_spiral
D:2:      first_bread, kennysheep_flooded_box, minmay_rat_gold_closets
D:3:      grunt_gozag_statues
D:4:      vehumet_altar_wand_db, minmay_box_of_dots
D:5:      minmay_temple_entry_poolview

Notes
Turn   | Place    | Note
--------------------------------------------------------------
     0 | D:1      | RobertPalmer, the Octopode Wanderer, began the quest for the Orb.
     0 | D:1      | Reached XP level 1. HP: 16/16 MP: 1/1
   321 | D:1      | Reached XP level 2. HP: 15/21 MP: 2/2
   681 | D:1      | Gained mutation: You tend to lose your temper in combat. [potion of mutation]
   681 | D:1      | Gained mutation: You have a pair of small antennae on your head. [potion of mutation]
   681 | D:1      | Gained mutation: You passively map a small area around you. [potion of mutation]
   688 | D:1      | Reached XP level 3. HP: 24/26 MP: 3/3
   922 | D:1      | Gained mutation: Your spells are a little harder to cast, but a little more powerful. [potion of mutation]
   922 | D:1      | Gained mutation: You can spit poison. [potion of mutation]
   922 | D:1      | Gained mutation: Your spells are harder to cast, but more powerful. [potion of mutation]
   923 | D:1      | Gained mutation: You passively map the area around you. [potion of mutation]
   923 | D:1      | Lost mutation: Your spells are harder to cast, but more powerful. [potion of mutation]
   984 | D:2      | Reached skill level 5 in Axes
  1336 | D:2      | Reached XP level 4. HP: 10/31 MP: 4/4
  1884 | D:2      | Found a snail-covered altar of Cheibriados.
  2228 | D:3      | Reached skill level 6 in Axes
  2243 | D:3      | Reached XP level 5. HP: 30/36 MP: 5/5
  2987 | D:3      | Found an opulent altar of Gozag.
  3234 | D:4      | Noticed an ogre
  3314 | D:4      | Reached skill level 7 in Axes
  3516 | D:4      | Reached XP level 6. HP: 38/42 MP: 6/6
  3525 | D:4      | Found a radiant altar of Vehumet.
  3553 | D:4      | Noticed Execuda's ghost (average DEWz)
  3907 | D:5      | Entered Level 5 of the Dungeon
  4178 | D:5      | Shot with an arrow of flame by a centaur

Vanquished Creatures
  A crimson imp (D:5)
  2 hounds (D:4)
  An orc wizard (D:3)
  2 adders (D:2)
  4 gnolls
  A giant mite (D:4)
  2 worms (D:2)
  4 giant geckos
  3 oozes
  8 orcs
  11 bats
  11 goblins
  6 hobgoblins
  6 jackals (D:2)
  2 quokkas
  A ball python (D:4)
  7 giant cockroaches
  3 giant newts
  9 kobolds
  An orc zombie (D:5)
  15 rats
100 creatures vanquished.
